 Dungeon Crawl Stone Soup version 0.29-a0-972-g43c84944fd (webtiles) character file.

Game seed: 7518118582078839359

1176 Conn the Firebug (level 8, -1/105 HPs)
             Began as an Octopode Fire Elementalist on July 31, 2022.
             Slain by a lemure (3 damage)
             ... led by Pikel
             ... on level 5 of the Dungeon.
             The game lasted 00:21:26 (6584 turns).

Conn the Firebug (Octopode Fire Elementalist)       Turns: 6584, Time: 00:21:27

Health: -1/105     AC: 31    Str:  7    XL:     8   Next: 41%
Magic:  2/15       EV:  2    Int: 25    God:
Gold:   311        SH:  5    Dex: 13    Spells: 4/16 levels left

rFire   . . .      SeeInvis +   k - +3 short sword (protect)
rCold   . . .      Faith    .   (no shield)
rNeg    . . .      Spirit   .   (helmet currently unavailable)
rPois   +          Reflect  +   h - amulet of reflection
rElec   .          Harm     .   b - +6 ring of intelligence
rCorr   .          Rampage  .   s - ring of see invisible
Will    .....      NoTele   +   (no ring)
Stlth   ..........              (no ring)
HPRegen 0.27/turn               (no ring)
MPRegen 0.14/turn               (no ring)
                                (no ring)
                                (no ring)

@: berserking, tree-form, under a protective aura, very quick
A: stationary, stasis, torment immunity, boosted hp, almost no armour,
(amphibious), 8 rings, (camouflage 1), (gelatinous body 1), (nimble swimmer 1),
(tentacles)
a: no special abilities


You were on level 5 of the Dungeon.
You were a tree.
You visited 1 branch of the dungeon, and saw 5 of its levels.

You collected 311 gold pieces.

Inventory:

Hand Weapons
 j - a +0 dagger
 k - a +3 short sword of protection (weapon)
Magical Staves
 i - a staff of cold
Jewellery
 b - a +6 ring of intelligence (left branch)
 h - an amulet of reflection (around neck)
 m - a ring of ice
 s - a ring of see invisible (right branch)
Wands
 f - a wand of paralysis (9)
 p - a wand of polymorph (7)
Scrolls
 d - a scroll of enchant armour
 g - 6 scrolls of identify
 o - a scroll of noise
 q - a scroll of summoning {unknown}
Potions
 a - a potion of magic
 c - a potion of attraction
 e - a potion of flight
 n - a potion of heal wounds {unknown}


   Skills:
 + Level 0.9 Fighting
 + Level 1.5 Short Blades
 + Level 3.1 Dodging
 + Level 4.3 Stealth
 + Level 0.8 Shields
 + Level 4.8 Spellcasting
 + Level 3.6 Conjurations
 + Level 0.6 Hexes
 * Level 2.6 Summonings
 * Level 2.5 Translocations
 + Level 5.3 Fire Magic


You had 4 spell levels left.
You knew the following spells:

 Your Spells              Type           Power      Damage    Failure   Level
a - Foxfire               Conj/Fire      100%       2x1d9     1%          1
b - Conjure Flame         Conj/Fire      28%        6-21      4%          3
c - Inner Flame           Hex/Fire       21%        N/A       8%          3
e - Scorch                Fire           64%        2d8       1%          2
f - Blink                 Tloc           36%        N/A       4%          2
g - Summon Small Mammal   Summ           76%        N/A       3%          1

Your spell library contained the following spells:

 Spells                   Type           Power      Damage    Failure   Level
 Static Discharge         Conj/Air       15%        3-5/arc   6%          2
 Call Canine Familiar     Summ           19%        N/A       9%          3
 Summon Guardian Golem    Hex/Summ       14%        N/A       13%         3
 Flame Wave               Conj/Fire      28%        2d9       13%         4
 Sticky Flame             Conj/Fire      28%        2d5       13%         4
 Dispel Undead            Necr           6%         3d8       63%         4
 Manifold Assault         Tloc           18%        N/A       63%         5
 Storm Form               Tmut/Air       3%         N/A       100%        7


Dungeon Overview and Level Annotations

Branches:
Dungeon (5/15)
 Temple: D:4-7

Altars:
Ashenzari
Dithmenos
Elyvilon
Fedhas
Hepliaklqana
Kikubaaqudgha
Qazlal
Uskayaw
Zin

Annotations:
D:5 3 runed translucent doors, Pikel


Innate Abilities, Weirdness & Mutations

You are a tree.
Your roots penetrate the ground, keeping you stationary.
You cannot be teleported.
You are immune to unholy pain and torment.
Your maximum health is greatly increased.
You cannot wear most types of armour.
((You are amphibious.))
You can wear up to eight rings at the same time.
((Your skin changes colour to match your surroundings (Stealth+).))
((Your rubbery body absorbs attacks. (AC +1, EV +1)))
((You are camouflaged when in or above water. (Stealth+)))
((You have tentacles for arms and can constrict up to eight enemies at once.))


Message History

Casting: Scorch (safe; 1% risk of failure)
Confirm with . or Enter, or press ? or * to list all spells.
Okay, then.
Unknown command.
Unknown command.
Really quaff the potion of lignification?
You turn into a tree.
Your roots penetrate the ground.
Pikel is no longer more vulnerable to fire.
The lemure hits you but does no damage. You block the lemure's attack.
Pikel says, "You'll feel the lick of my whip!"
You block Pikel's attack.
Unknown command.
Unknown command.
Unknown command.
It was a potion of berserk rage.
A red film seems to cover your vision as you go berserk!
You feel yourself moving faster!
You feel mighty! The lemure hits you but does no damage.
You block the lemure's attack. The lemure hits you but does no damage.
Pikel zaps a wand.
You shrug off the repeated paralysis!
You hit the lemure.
Your weapon exudes an aura of protection.
The lemure is moderately wounded.
You hit the lemure.
The lemure is moderately wounded.
The lemure hits you but does no damage. x2; You block the lemure's attack.
Pikel hits you with a +2 whip of freezing!
* * * LOW HITPOINT WARNING * * *
Pikel freezes you.
* * * LOW HITPOINT WARNING * * *
You are too berserk!
You are too berserk!
Sorry, you're not good enough to have a special ability.
You are too berserk!
Unknown command.
Unknown command.
You barely miss the lemure.
The lemure is moderately wounded.
The lemure hits you but does no damage. x3; The lemure hits you.
You die...

.#... .#... ....... .#P⌠
##.......
.######.#.......
.................
#...............##
#.......#..###...##
........##.##..5K5# ####
......#.#..##..5♣#####..#
.....##........5..#.>...#
.#...###................#
.#....##))............###
...#...).............##
..)##.<[.#...........#
.......#.###.......###
.....#....##.........####
.....#....#.............#


You could see Pikel (inner flame) and 4 lemures.

Vanquished Creatures
  A black bear (D:5)
  A phantom (D:5)
  A kobold brigand (D:4)
  A necrophage (D:5)
  3 scorpions
  A crimson imp (D:5)
  3 orc priests
  Jessica (D:3)
  Natasha (thrice) (D:3)
  Terence (D:2)
  An iguana (D:4)
  7 orc wizards
  12 gnolls
  3 adders
  A worm (D:3)
  6 dart slugs
  19 orcs
  2 bats (D:1)
  3 endoplasms
  4 giant cockroaches (D:3)
  10 goblins
  9 hobgoblins
  6 jackals (D:1)
  4 quokkas
  8 ball pythons
  3 frilled lizards (D:3)
  14 kobolds
  10 rats
138 creatures vanquished.

Vanquished Creatures (others)
  404 foxfires
404 creatures vanquished.

Grand Total: 542 creatures vanquished

Notes
Turn   | Place    | Note
-------+----------+-------------------------------------------
     0 | D:1      | Conn the Octopode Fire Elementalist began the quest for the
                  | Orb.
     0 | D:1      | Reached XP level 1. HP: 11/11 MP: 3/3
   131 | D:1      | Reached XP level 2. HP: 2/17 MP: 0/5
   744 | D:1      | Reached XP level 3. HP: 15/21 MP: 1/6
  1714 | D:2      | Found a faded altar of an unknown god.
  1738 | D:2      | Noticed Terence
  1761 | D:3      | Found a stormy altar of Qazlal.
  1767 | D:3      | Learned a level 2 spell: Scorch
  1771 | D:3      | Learned a level 3 spell: Conjure Flame
  1783 | D:3      | Noticed Jessica
  1910 | D:4      | Noticed a scorpion
  2074 | D:4      | HP: 1/21 [poisoned by a scorpion]
  2092 | D:4      | Killed a scorpion
  2093 | D:4      | Reached skill level 4 in Fire Magic
  2093 | D:4      | Reached XP level 4. HP: 2/27 MP: 0/8
  2464 | D:4      | Found an ancient bone altar of Kikubaaqudgha.
  2476 | D:4      | Found a hide-covered altar of Uskayaw.
  2483 | D:4      | Found a broken altar of Ashenzari.
  2488 | D:4      | Reached XP level 5. HP: 31/31 MP: 2/9
  2490 | D:4      | Found a blossoming altar of Fedhas.
  2494 | D:4      | Found a hazy altar of Hepliaklqana.
  2496 | D:4      | Found a glowing silver altar of Zin.
  2502 | D:4      | Found a white marble altar of Elyvilon.
  2503 | D:4      | Found a shadowy altar of Dithmenos.
  2730 | D:4      | Learned a level 3 spell: Inner Flame
  2839 | D:4      | Noticed a kobold brigand
  2859 | D:4      | Killed a kobold brigand
  3020 | D:4      | Reached XP level 6. HP: 37/37 MP: 0/11
  4033 | D:2      | Killed Terence
  4034 | D:2      | Reached skill level 1 in Short Blades
  4270 | D:2      | Learned a level 2 spell: Blink
  4272 | D:2      | Learned a level 1 spell: Summon Small Mammal
  4463 | D:3      | Noticed Natasha
  4469 | D:3      | Killed Natasha
  4478 | D:3      | Reached XP level 7. HP: 42/42 MP: 0/12
  4615 | D:3      | Noticed Natasha
  4619 | D:3      | Killed Natasha
  4645 | D:3      | Noticed Natasha
  4649 | D:3      | Killed Natasha
  4650 | D:3      | Reached skill level 1 in Translocations
  4996 | D:3      | Killed Jessica
  5332 | D:5      | Entered Level 5 of the Dungeon
  5338 | D:5      | Reached skill level 1 in Summonings
  5476 | D:5      | Noticed Pikel
  5524 | D:5      | Found a runed translucent gate.
  5524 | D:5      | Found a runed translucent gate.
  5525 | D:5      | Found a runed translucent gate.
  5593 | D:5      | Paralysed by Pikel for 4 turns
  5599 | D:5      | Paralysed by Pikel for 4 turns
  5771 | D:5      | Reached skill level 5 in Fire Magic
  6011 | D:5      | Reached XP level 8. HP: 47/47 MP: 10/14
  6576 | D:5      | Paralysed by Pikel for 4 turns
  6583 | D:5      | HP: 3/105 [Pikel/+2 whip of freezing (7)]
  6584 | D:5      | Slain by a lemure

Illustrated notes

Levels and vault maps discovered:
D:1:      minmay_arrival_radiant_lines, layout_basic,
          chequers_serial_rivers_micro_a, kennysheep_pointless_box,
          minmay_strange_pillars, minmay_tiny_reverse_x
D:2:      layout_loops_ring, hellmonk_ecumenical_altar_crossroads, uniq_terence
D:3:      layout_basic, nicolae_qazlal_scattered_showers, minivault_26,
          uniq_jessica, uniq_natasha
D:4:      cheibrodos_thug_alley, layout_loops_ring,
          mainiacjoe_overflow_tiny_flanked,
          nicolae_overflow_hallway_of_the_gods, grunt_tough_drop
D:5:      layout_cave_pools, led_xom_imps, gammafunk_ghost_cemetery,
          minmay_fractal_squares_gapless_5, uniq_pikel

Skill      XL: |  1  2  3  4  5  6  7  8 |
---------------+-------------------------+-----
Stealth        | 3 4 |  4.3
Spellcasting   | 3 4 |  4.8
Fire Magic     | 4 5 |  5.3
Conjurations   | 2 3 |  3.6
Short Blades   | 1 |  1.5
Translocations | 2 |  2.5
Summonings     | 2 |  2.6
Dodging        | 3 |  3.1
Fighting       | |  0.9
Shields        | |  0.8
Hexes          | |  0.6

Action                   |  1- 3 |  4- 6 |  7- 9 || total
-------------------------+-------+-------+-------++-------
Melee: Unarmed           |    27 |       |       ||    27
       Constrict         |    10 |     4 |     5 ||    19
       Tentacles         |     5 |     6 |     6 ||    17
       Staff             |     2 |     1 |       ||     3
       Dagger            |     2 |       |       ||     2
       Punch             |     1 |       |       ||     1
       Short sword       |       |    25 |    39 ||    64
 Cast: Foxfire           |    61 |    88 |    90 ||   239
       Scorch            |     2 |     3 |    20 ||    25
       Conjure Flame     |     1 |     3 |     1 ||     5
       Inner Flame       |       |     2 |     6 ||     8
       Blink             |       |       |     3 ||     3
       Summon Small Mamm |       |       |     2 ||     2
  Use: Potion            |     3 |       |     8 ||    11
       Scroll            |     2 |     1 |     2 ||     5
 Stab: Sleeping          |       |     1 |     1 ||     2
Armor: Skin              |     5 |     2 |    75 ||    82
Dodge: Dodged            |    48 |    17 |    28 ||    93
Block: Other             |     5 |     6 |    29 ||    40
       Reflection        |       |     1 |       ||     1

Table legend: (Time is in decaauts)
 A = Elapsed time spent in this place.
 B = Non-inter-level travel time spent in this place.
 C = Inter-level travel time spent in this place.
 D = Time resting spent in this place.
 E = Time spent auto-exploring this place.
 F = Levels seen in this place.
 G = Mean time per level.
                   A        B        C        D        E       F      G
               +--------+--------+--------+--------+--------+-----+--------+
         Total |   6547 |   6432 |    115 |    421 |   4370 |   5 | 1309.4 |
       Dungeon |   6547 |   6432 |    115 |    421 |   4370 |   5 | 1309.4 |
               +--------+--------+--------+--------+--------+-----+--------+

Top non-repeatable levels by time:
     D:4: 2436 daAuts
     D:1: 1519 daAuts
     D:3: 984 daAuts
     D:2: 905 daAuts
     D:5: 701 daAuts
